 Dungeon Crawl Stone Soup version 0.23.2 (webtiles) character file.

Game seed: 12927523594020871509

433 myga the Slasher (level 6, 0/51 HPs)
             Began as a Centaur Warper on Apr 6, 2019.
             Was a Plaything of Xom.
             Slain by Pikel
             ... wielding a +0 whip of freezing
              (15 damage)
             ... on level 4 of the Dungeon.
             The game lasted 00:19:13 (3301 turns).

myga the Slasher (Centaur Warper)                   Turns: 3301, Time: 00:19:14

Health: 0/51       AC:  8    Str: 13 (14) XL:     6   Next: 67%
Magic:  9/9        EV:  4    Int: 12      God:    Xom [..*...]
Gold:   235        SH:  0    Dex:  7 (10) Spells: 9/9 levels left

rFire    . . .     SeeInvis .   g - +0 rapier
rCold    . . .     Gourm    .   (no shield)
rNeg     . . .     Faith    .   o - +0 chain mail
rPois    .         Spirit   .   (no helmet)
rElec    .         Reflect  .   (no cloak)
rCorr    .         Harm     .   (no gloves)
MR       .....                  (no barding)
Stlth    ..........             (no amulet)
HPRegen  0.17/turn              (no ring)
MPRegen  0.11/turn              (no ring)

@: very quick
A: large, hooves 3, deformed body, speed 2, tough skin 3
a: Renounce Religion


You were on level 4 of the Dungeon.
You worshipped Xom.
You were a toy of Xom.
You were near starving.

You visited 1 branch of the dungeon, and saw 4 of its levels.

You collected 235 gold pieces.

Inventory:

Hand Weapons
 a - a +0 falchion
 g - a +0 rapier (weapon)
 q - a +0 hunting sling
 r - a +0 blowgun
Missiles
 b - 8 bolts
 e - 24 sling bullets
 h - 43 stones (quivered)
 s - 12 poisoned needles
Armour
 o - a +0 chain mail (worn)
Wands
 w - a wand of polymorph (6)
Scrolls
 c - 2 scrolls of amnesia {unknown}
 d - 5 scrolls of blinking
 k - a scroll of teleportation
 l - 2 scrolls of magic mapping
 m - a scroll of enchant weapon {unknown}
 p - a scroll of remove curse
 u - 2 scrolls of identify {unknown}
 v - a scroll of enchant armour {unknown}
Potions
 i - 2 potions of heal wounds {unknown}
 j - a potion of curing
 n - a potion of cancellation {unknown}
Comestibles
 f - 6 rations


   Skills:
 + Level 3.3 Fighting
 + Level 3.7 Long Blades
 + Level 1.3(2.0) Slings
 + Level 2.1(2.3) Throwing
 + Level 2.7 Armour
 + Level 2.0 Dodging
 + Level 0.2 Stealth
 + Level 2.0 Spellcasting
   Level 2.6 Translocations


You had 9 spell levels left.
You didn't know any spells.
Your spell library contained the following spells:

 Spells                   Type           Power        Failure   Level  Hunger
 Blink                    Tloc           N/A          99%         2    ###....
 Magic Dart               Conj           #...         100%        1    ##.....
 Call Imp                 Summ           #.......     100%        2    ###....
 Shroud of Golubria       Chrm/Tloc      #.........   100%        2    ###....
 Slow                     Hex            #.......     100%        2    ###....
 Conjure Flame            Conj/Fire      #.......     100%        3    ####...
 Gell's Gravitas          Tloc           #.........   100%        3    ####...
 Lesser Beckoning         Tloc           #.........   100%        3    ####...
 Mephitic Cloud           Conj/Pois/Air  #.......     100%        3    ####...
 Teleport Other           Tloc           #.......     100%        3    ####...
 Passage of Golubria      Tloc           N/A          100%        4    #####..


Dungeon Overview and Level Annotations

Branches:
Dungeon (4/15)
 Temple: D:4-7

Altars:
Trog
Xom
Yredelemnul
The Shining One

Annotations:
D:4 Pikel


Innate Abilities, Weirdness & Mutations

You have hooves in place of feet.
Armour fits poorly on your strangely shaped body.
You cover ground very quickly.
You have extremely tough skin. (AC +3)


Message History

Pikel is moderately wounded.
Pikel hits you but does no damage.
You hit Pikel.
Pikel is heavily wounded.
Pikel hits you with a +0 whip of freezing.
* * * LOW HITPOINT WARNING * * *
Pikel freezes you.
* * * LOW HITPOINT WARNING * * *
Fire/throw which item? (* to show all) (? for menu, Esc to quit)
Okay, then.
Evoke which item? (* to show all) (? for menu, Esc to quit)
Aiming: Polymorph
Press: ? - help, Shift-Dir - straight line, f/p - Pikel
Aim: Pikel, wielding a +0 whip of freezing and wearing a +0 robe (heavily wounded, unusually strong, chance to defeat MR: 46%) Pikel resists with some effort.
You closely miss Pikel.
Pikel is heavily wounded.
Pikel hits you with a +0 whip of freezing!
You die...
Xom snickers!

##.#.#####
....#....###
.#.#.###...#
.#.#.# #.#.#
### .....#
###'### #..
.#.###
#.....# #.#
.#.#
#.....###.#
...
+.._..'.#.#
###
#.....#..@#
#.....###K#
###+#####p#
#.##.##.#
#.##.##p#
#.##...p#
#.##..###
#.....#
####p#######


You could see Pikel and 3 slaves.

Vanquished Creatures
  Grinder (D:3)
  Eustachio (D:4)
  5 adders
  3 worms
  A dart slug (D:1)
  3 leopard geckos
  3 orcs (D:3)
  3 bats
  A giant cockroach (D:3)
  4 goblins
  5 hobgoblins
  8 kobolds
  3 quokkas (D:3)
  A ball python (D:1)
  3 frilled lizards
  8 rats
53 creatures vanquished.

Notes
Turn   | Place    | Note
-------+----------+-------------------------------------------
     0 | D:1      | myga the Centaur Warper began the quest for the Orb.
     0 | D:1      | Reached XP level 1. HP: 17/17 MP: 3/3
   193 | D:1      | Reached XP level 2. HP: 19/24 MP: 4/4
   924 | D:2      | Reached XP level 3. HP: 21/30 MP: 4/6
   929 | D:2      | Found a glowing golden altar of the Shining One.
  1218 | D:2      | Reached skill level 1 in Armour
  1429 | D:2      | Reached XP level 4. HP: 33/37 MP: 7/7
  1738 | D:3      | Noticed Grinder
  1774 | D:3      | Paralysed by Grinder for 6 turns
  1780 | D:3      | Killed Grinder
  1780 | D:3      | Reached XP level 5. HP: 13/45 MP: 8/8
  1780 | D:3      | Reached XP level 6. HP: 15/51 MP: 9/9
  2763 | D:4      | Found a basalt altar of Yredelemnul.
  2763 | D:4      | Found a shimmering altar of Xom.
  2781 | D:4      | Became a worshipper of Xom of Chaos
  2793 | D:4      | Noticed Eustachio
  2824 | D:4      | XOM: potion effect (haste)
  2844 | D:4      | XOM: potion effect (brilliance)
  2855 | D:4      | XOM: harmless Erth miscast
  2872 | D:4      | XOM: potion effect (brilliance)
  2878 | D:4      | XOM: potion effect (invisibility)
  2881 | D:4      | XOM: smoke on damage
  2884 | D:4      | XOM: harmless Hex miscast
  2889 | D:4      | XOM: potion effect (curing)
  2895 | D:4      | Killed Eustachio
  2895 | D:4      | Reached skill level 1 in Slings
  3248 | D:4      | Found a bloodstained altar of Trog.
  3270 | D:4      | Noticed Pikel
  3270 | D:4      | Noticed a slave
  3270 | D:4      | Noticed a slave
  3272 | D:4      | Noticed a slave
  3301 | D:4      | Slain by Pikel

Skill      XL: |  1  2  3  4  5  6 |
---------------+-------------------+-----
Long Blades    | 2 3 |  3.7
Spellcasting   | 2 |  2.0
Armour         | 1 2 |  2.7
Fighting       | 3 |  3.3
Slings         | 1 |  1.3
Throwing       | 2 |  2.1
Dodging        | 2 |  2.0
Stealth        | |  0.2
Translocations | |  2.6

Action                   |  1- 3 |  4- 6 || total
-------------------------+-------+-------++-------
Melee: Falchion          |    97 |   134 ||   231
       Kick              |    15 |    15 ||    30
       Rapier            |       |    13 ||    13
 Fire: Hunting sling     |       |     9 ||     9
       Blowgun           |       |     5 ||     5
Throw: Stone             |    14 |    35 ||    49
       Tomahawk          |     1 |     4 ||     5
       Throwing net      |       |     2 ||     2
Evoke: Wand              |       |     1 ||     1
  Use: Potion            |       |     6 ||     6
       Scroll            |       |     3 ||     3
 Stab: Invisible         |       |     1 ||     1
  Eat: Chunk             |     1 |     3 ||     4
Armor: Leather armour    |    13 |       ||    13
       Chain mail        |    40 |    43 ||    83
       Skin              |       |    55 ||    55
Dodge: Dodged            |    26 |    22 ||    48
       Rpst.: Falchion   |     9 |     9 ||    18
